 Dungeon Crawl Stone Soup version 0.20-a0-700-gbd4582c (webtiles) character file.

457 Alarkh the Slasher (level 6, -9/44 HPs)
             Began as a Mummy Skald on Feb 20, 2017.
             Mangled by an ogre
             ... wielding a cursed -1 giant club
              (16 damage)
             ... on level 4 of the Dungeon.
             The game lasted 00:05:41 (3245 turns).

Alarkh the Slasher (Mummy Skald)                    Turns: 3245, Time: 00:05:42

Health: -9/44      AC:  7    Str: 14    XL:     6   Next: 77%
Magic:  9/11       EV: 11    Int: 15    God:
Gold:   188        SH:  0    Dex: 11    Spells: 6/12 levels left

rFire    x . .     SeeInvis .   a - +0 long sword
rCold    + . .     Gourm    .   b - +0 leather armour
rNeg     + + +     Faith    .   (no shield)
rPois    ∞         Spirit   .   o - +0 helmet
rElec    .         Reflect  .   (no cloak)
rCorr    .         Harm     .   n - +1 pair of gloves
MR       .....                  k - +0 pair of boots
Stlth    +.........             (no amulet)
Regen    0.2/turn               (no ring)
MPRegen  0.2/turn               m - ring of wizardry

@: no status effects
A: no food or potions, fire vulnerability, cold resistance 1, negative energy
resistance 3, torment resistance, unbreathing
a: no special abilities


You were on level 4 of the Dungeon.
You were not hungry.

You visited 1 branch of the dungeon, and saw 4 of its levels.

You collected 188 gold pieces.

Inventory:

Hand Weapons
 a - a +0 long sword (weapon)
 j - a +0 falchion
Armour
 b - a +0 leather armour (worn)
 k - a +0 pair of boots (worn)
 n - a +1 pair of gloves (worn)
 o - a +0 helmet (worn)
Jewellery
 m - a ring of wizardry (left hand)
Scrolls
 d - 2 scrolls of immolation
 e - a scroll of identify
 g - a scroll of enchant armour
 h - 2 scrolls of magic mapping
 i - a scroll of amnesia
 l - 2 scrolls of recharging
 p - a scroll of enchant weapon {unknown}
 r - a scroll of remove curse {unknown}
Books
 c - a book of Battle

   Spells                             Type                      Level
   a - Infusion                       Charms                       1
   b - Shroud of Golubria             Charms/Translocation         2
   c - Song of Slaying                Charms                       2
   d - Spectral Weapon                Hexes/Charms                 3
   e - Regeneration                   Charms/Necromancy            3


   Skills:
 - Level 2.0 Fighting
 * Level 5.1 Long Blades
 - Level 0.7 Armour
 - Level 1.5 Dodging
 + Level 3.9 Spellcasting
 + Level 3.5 Charms


You had 6 spell levels left.
You knew the following spells:

 Your Spells              Type           Power        Failure   Level  Hunger
a - Infusion              Chrm           ##..         2%          1    N/A
c - Spectral Weapon       Hex/Chrm       #.......     16%         3    N/A
e - Shroud of Golubria    Chrm/Tloc      #.........   9%          2    N/A

Dungeon Overview and Level Annotations

Branches:
Dungeon (4/15)
 Temple: D:4-7

Altars:
Kikubaaqudgha
Trog
Yredelemnul


Innate Abilities, Weirdness & Mutations

You do not eat or drink.
Your flesh is vulnerable to fire.
You are immune to poison.
Your flesh is cold resistant. (rC+)
You are immune to negative energy. (rN+++)
You are immune to unholy pain and torment.
You can survive without breathing.


Message History

The orc hits you with a flail!
You closely miss the orc. The orc hits you with a flail.
* * * LOW HITPOINT WARNING * * *
You barely miss the orc.
* * * LOW HITPOINT WARNING * * *
The orc hits you with a flail.
* * * LOW HITPOINT WARNING * * *
You hit the orc.
The orc is heavily wounded.
The orc barely misses you.
You hit the orc.
The orc is severely wounded.
* * * LOW HITPOINT WARNING * * *
You closely miss the orc.
The orc is severely wounded.
The orc barely misses you.
You hit the orc.
You kill the orc!
The ogre hits you with a giant club!
You die...

##.##...#.#.
.######...#.......
... ...#.....#.##
..####..........#
................#
#.# #..†......#
#.# ###......# #)#
#........# #@#
#.#..$..## #O#
#O##...## #.# #.#
#.## #.#####.###.#
#...O......$#
#######.##### #.#
..# ###


You could see an ogre.

Vanquished Creatures
  A vampire bat (D:2)
  A howler monkey (D:4)
  A hound (D:3)
  An orc priest (D:4)
  An orc wizard (D:4)
  2 worker ants (D:4)
  9 gnolls
  6 adders
  2 oozes
  2 worms (D:2)
  A dart slug (D:3)
  2 leopard geckos
  9 orcs
  14 bats
  3 bat skeletons (D:2)
  4 bat zombies (D:2)
  4 giant cockroaches
  8 goblins
  2 hobgoblins
  2 jackals (D:1)
  8 kobolds
  2 quokkas (D:2)
  4 frilled lizards
  10 rats
99 creatures vanquished.

Vanquished Creatures (others)
  A spectral weapon (D:4)
1 creature vanquished.

Grand Total: 100 creatures vanquished

Notes
Turn   | Place    | Note
-------+----------+-------------------------------------------
     0 | D:1      | Alarkh the Mummy Skald began the quest for the Orb.
     0 | D:1      | Reached XP level 1. HP: 16/16 MP: 4/4
   160 | D:1      | Reached XP level 2. HP: 13/22 MP: 1/5
   233 | D:1      | Reached skill level 2 in Long Blades
   612 | D:1      | Reached XP level 3. HP: 23/27 MP: 0/7
   616 | D:1      | Learned a level 2 spell: Shroud of Golubria
   620 | D:1      | Learned a level 3 spell: Spectral Weapon
  1463 | D:2      | Reached XP level 4. HP: 25/33 MP: 0/8
  1798 | D:2      | Reached skill level 3 in Long Blades
  1806 | D:2      | Found an ancient bone altar of Kikubaaqudgha.
  1954 | D:2      | Reached XP level 5. HP: 18/38 MP: 5/10
  2297 | D:3      | Found a basalt altar of Yredelemnul.
  2382 | D:3      | Reached skill level 4 in Long Blades
  2669 | D:3      | Reached XP level 6. HP: 42/44 MP: 6/11
  2805 | D:3      | Found a bloodstained altar of Trog.
  3224 | D:4      | Reached skill level 5 in Long Blades
  3245 | D:4      | Mangled by an ogre

Vault maps used:
D:1:      eino_arrival_cavern_c, supply_closet_lemuel, minmay_misc_feat_doors
D:2:      kennysheep_vampire_church, first_bread, grunt_ministairs_2
D:3:      lemuel_doored_altar, fountainhead, trog_three_pillars_becter

Skill      XL: |  1  2  3  4  5  6 |
---------------+-------------------+-----
Long Blades    | 2 3 4 5 |  5.1
Charms         | 3 |  3.5
Spellcasting   | 3 |  3.9
Fighting       | |  2.0
Armour         | |  0.7
Dodging        | |  1.5

Action                   |  1- 3 |  4- 6 || total
-------------------------+-------+-------++-------
Melee: Falchion          |    73 |       ||    73
       Long sword        |    10 |   172 ||   182
 Cast: Infusion          |    20 |    23 ||    43
       Spectral Weapon   |       |     5 ||     5
  Use: Scroll            |     3 |     4 ||     7
Armor: Leather armour    |    34 |    82 ||   116
Dodge: Dodged            |    67 |   150 ||   217
       Rpst.: Falchion   |    21 |       ||    21
       Long sword        |     7 |    49 ||    56
